[Event "FISCA Open 2022"]
[Site "Cap Aurora"]
[Date "2022.06.22"]
[Round "1.1"]
[White "Calota, Sorin"]
[Black "Petre, Nad-Titus"]
[Result "0-1"]
[ECO "A04"]
[WhiteElo "1609"]
[BlackElo "2297"]
[Annotator "TA"]
[PlyCount "59"]
[EventDate "2022.06.22"]
[EventType "swiss"]
[EventCountry "ROU"]
[SourceTitle "playchess.com"]
[Source "ChessBase"]
[SourceQuality "1"]
[TimeControl "5400+30"]

1. Nf3 c5 2. g3 Nc6 3. Bg2 e5 4. c4 Be7 5. O-O d6 6. Nc3 {[%emt 0:00:36] A04: Unusual lines after 1 Nf3 and King's Indian Attack.} h5 7. Nd5 {[%emt 0:02:33] [#]} Be6 $146 ({Predecessor:} 7... h4 8. Nxe7 Ngxe7 9. Nxh4 Be6 10. d3 Qd7 11. Re1 O-O-O 12. e3 g5 13. Nf3 Rdg8 {0-1 (24) Shuganov,Y (2192)-Masyagutova,L (2035) Ufa 2004}) 8. Nxe7 (8. h4 $142) 8... Ngxe7 $11 9. d3 f6 {[%emt 0:02:13] Against Ng5} 10. e4 Qd7 11. h4 Bg4 12. Be3 {[%emt 0:04:25] Against g5} Nd4 13. Bxd4 cxd4 14. Qd2 a5 ({Black should try} 14... Bxf3 $17 15. Bxf3 O-O-O) 15. Rfc1 b6 16. a4 (16. Nh2 $11) 16... Nc6 $15 17. Nh2 Bh3 18. f4 Nb4 19. f5 Bxg2 {[%emt 0:01:26] Black is more active.} 20. Kxg2 O-O-O 21. Rf1 Rdg8 22. b3 Qc6 23. Rf3 Na6 24. Qf2 Qc5 25. Qd2 Qb4 26. Qxb4 Nxb4 27. Nf1 Kd7 28. Kh3 Kc6 29. Kh2 Kc5 30. Rb1 {[%emt 1:07:37] Weighted Error Value: White=0.18 (very precise) /Black=0.11 (very precise)} 0-1

[Event "FISCA Open 2022"]
[Site "Cap Aurora"]
[Date "2022.06.22"]
[Round "1.2"]
[White "Ardeleanu, Alin"]
[Black "Bujorean, Dorel"]
[Result "1-0"]
[ECO "B40"]
[WhiteElo "2290"]
[BlackElo "1608"]
[Annotator "NA RC"]
[PlyCount "75"]
[EventDate "2022.06.22"]
[EventType "swiss"]
[EventCountry "ROU"]
[SourceTitle "playchess.com"]
[Source "ChessBase"]
[SourceQuality "1"]
[TimeControl "5400+30"]

1. e4 c5 2. b3 a6 3. Bb2 Nc6 4. Nf3 d6 5. d4 cxd4 6. Nxd4 Qc7 7. c4 Nf6 8. Nc3 e6 9. Be2 Be7 10. O-O O-O 11. Rc1 Nxd4 12. Qxd4 Bd7 13. Rfd1 Rac8 14. a4 Rfd8 15. Ba3 Be8 16. Qe3 Nd7 17. f4 Nc5 18. Rb1 b6 19. Bf3 h6 20. Bb4 Bf6 21. Ne2 e5 22. g3 a5 23. Ba3 Bc6 24. fxe5 dxe5 25. Bxc5 Rxd1+ 26. Rxd1 bxc5 27. Nc3 Qb7 28. Nb5 Bxb5 29. axb5 Bg5 30. Qc3 Qc7 31. Rd5 Bf6 32. Kg2 Qb6 33. Bg4 Rc7 34. Qd3 Qb8 35. Qe3 Qb6 36. Qd2 Ra7 37. Rd6 Qc7 38. b6 1-0

[Event "FISCA Open 2022"]
[Site "Cap Aurora"]
[Date "2022.06.22"]
[Round "1.3"]
[White "Chicarosie, Ioana-Bianca"]
[Black "Gilea, Lucian"]
[Result "0-1"]
[ECO "A39"]
[WhiteElo "1605"]
[BlackElo "2277"]
[Annotator "NA RC"]
[PlyCount "124"]
[EventDate "2022.06.22"]
[EventType "swiss"]
[EventCountry "ROU"]
[SourceTitle "playchess.com"]
[Source "ChessBase"]
[SourceQuality "1"]
[TimeControl "5400+30"]

1. d4 Nf6 2. Nf3 c5 3. c4 cxd4 4. Nxd4 g6 5. g3 Bg7 6. Bg2 Nc6 7. Nc3 O-O 8. O-O Qb6 9. Ndb5 Qc5 10. b3 a6 11. Be3 Qh5 12. Nd4 Ng4 13. h3 Nxe3 14. fxe3 Qg5 15. Kh2 Qxe3 16. Nxc6 dxc6 17. Rf3 Qe5 18. e4 h5 19. Qd2 h4 20. Rd1 hxg3+ 21. Kh1 Be6 22. Qe3 Rad8 23. Rd3 Rxd3 24. Qxd3 Qxc3 25. Qxc3 Bxc3 26. Rxc3 Rd8 27. Rxg3 Rd2 28. a4 Kg7 29. Re3 c5 30. Kh2 Bd7 31. Kg3 Bc6 32. Bf3 e5 33. h4 Kf6 34. h5 gxh5 35. Bxh5 Rd4 36. Kf3 Bd7 37. Kg3 Be6 38. Bf3 Kg5 39. Bg2 Bd7 40. Kf2 Rd2+ 41. Kg3 a5 42. Bf3 f6 43. Be2 Rd4 44. Bf3 Bc6 45. Re2 Rd3 46. Rg2 f5 47. Kf2+ Kf6 48. Be2 Rxb3 49. Rh2 Bxe4 50. Rh6+ Kf7 51. Bh5+ Ke7 52. Rh7+ Kf6 53. Rc7 b6 54. Bd1 Rb1 55. Be2 f4 56. Rd7 Rb2 57. Ke1 f3 58. Bf1 Kg5 59. Rf7 Bf5 60. Rg7+ Kf4 61. Re7 e4 62. Re8 e3 0-1

[Event "FISCA Open 2022"]
[Site "Cap Aurora"]
[Date "2022.06.22"]
[Round "1.4"]
[White "Coca, Cristi-Iulian"]
[Black "Mihalca, Imre-Gheorghe"]
[Result "1-0"]
[ECO "B01"]
[WhiteElo "2174"]
[BlackElo "1551"]
[Annotator "TA"]
[PlyCount "47"]
[EventDate "2022.06.22"]
[EventType "swiss"]
[EventCountry "ROU"]
[SourceTitle "playchess.com"]
[Source "ChessBase"]
[SourceQuality "1"]
[TimeControl "5400+30"]

1. e4 d5 2. exd5 Nf6 3. d4 e6 4. Bb5+ c6 5. dxc6 bxc6 6. Be2 {[%emt 0:01:31] B01: Scandinavian Defence.} Bd6 7. Nf3 {[%emt 0:01:40] [#]} Nbd7 $146 ({Predecessor:} 7... O-O 8. O-O Qc7 9. Nc3 Nbd7 10. Bg5 Rb8 11. Rb1 h6 12. Bh4 Nh5 13. Ne4 f5 14. Nxd6 Qxd6 {1-0 (51) Gazik,I (2435)-Galego,L (2405) Debrecen 1992}) 8. Nbd2 {[%emt 0:02:37] White is better.} Bc7 9. Nc4 Ne4 (9... O-O $142) 10. O-O Bb7 11. Nfe5 Ndf6 (11... O-O $16) 12. Bf3 Qe7 $2 (12... c5 $16 {is a better defense.}) 13. Re1 $18 c5 14. c3 {[%emt 0:00:36] [#] aiming for Bg5.} cxd4 15. Qa4+ ({Don't take} 15. Qxd4 $6 O-O $16) 15... Kf8 16. cxd4 Nd6 (16... Bd5 $142 17. b3 (17. Nc6 Qd7 $18) 17... Nc3) 17. Bxb7 Nxb7 18. b3 Qe8 $2 (18... Kg8 19. Ba3 Qe8) 19. Qb4+ {[%emt 0:00:09] White is clearly winning.} Nd6 20. Nxd6 Qe7 21. Ba3 {[%emt 0:00:28] [#] Strongly threatening Qb7.} Rb8 {[%emt 0:00:06] Prevents Qb7.} 22. Qxb8+ Bxb8 23. Ndc4 Bxe5 24. Bxe7+ {[%emt 0:00:16] Black did not feel at home in the position after the opening.  Weighted Error Value: White=0.40/Black=0.50} 1-0

[Event "FISCA Open 2022"]
[Site "Cap Aurora"]
[Date "2022.06.22"]
[Round "1.5"]
[White "Costache, Andrei Eugeniu"]
[Black "Daianu, Cristian-Clement"]
[Result "0-1"]
[ECO "B50"]
[WhiteElo "1479"]
[BlackElo "2149"]
[Annotator "NA RC"]
[PlyCount "144"]
[EventDate "2022.06.22"]
[EventType "swiss"]
[EventCountry "ROU"]
[SourceTitle "playchess.com"]
[Source "ChessBase"]
[SourceQuality "1"]
[TimeControl "5400+30"]

1. e4 c5 2. Nf3 d6 3. c3 Nf6 4. Be2 Nc6 5. d4 cxd4 6. cxd4 Nxe4 7. d5 Qa5+ 8. Nc3 Nxc3 9. bxc3 Ne5 10. Nxe5 dxe5 11. O-O g6 12. Qb3 Qc7 13. f4 Bg7 14. fxe5 O-O 15. e6 Qxc3 16. exf7+ Rxf7 17. Rxf7 Bd4+ 18. Kh1 Kxf7 19. Qxc3 Bxc3 20. Rb1 b6 21. Bc4 Kg7 22. Ba3 Bf5 23. Rb3 Bf6 24. Re3 Rc8 25. Ba6 Rc2 26. h3 Rxa2 27. Bc4 Ra1+ 28. Kh2 Kf8 29. d6 exd6 30. Bxd6+ Kg7 31. Re8 Kh6 32. Rf8 Bg7 33. Rf7 Ra4 34. Bb5 Rd4 35. Bc7 Rd5 36. Be2 Be5+ 37. Bxe5 Rxe5 38. Bf3 a5 39. h4 Be4 40. g4 g5 41. Bxe4 Rxe4 42. Rf6+ Kg7 43. Rxb6 Rxg4 44. Rb5 Rxh4+ 45. Kg3 Kg6 46. Rxa5 Rb4 47. Ra6+ Kh5 48. Ra3 Rb6 49. Ra8 Rb3+ 50. Kg2 Kh4 51. Ra6 Rb2+ 52. Kg1 h5 53. Ra1 g4 54. Rc1 Kh3 55. Rc3+ g3 56. Rc1 h4 57. Ra1 Rg2+ 58. Kh1 Rf2 59. Kg1 Kg4 60. Ra4+ Rf4 61. Ra1 Re4 62. Rb1 h3 63. Ra1 Kf3 64. Ra3+ Re3 65. Ra1 Rd3 66. Re1 Rd2 67. Kh1 Kf2 68. Rg1 Rd3 69. Rf1+ Ke2 70. Rg1 Rd1 71. Rxd1 Kxd1 72. Kg1 Ke2 0-1

[Event "FISCA Open 2022"]
[Site "Cap Aurora"]
[Date "2022.06.22"]
[Round "1.6"]
[White "Breahna, Radu"]
[Black "Calota, Rares-Stefan"]
[Result "1-0"]
[ECO "A25"]
[WhiteElo "2142"]
[BlackElo "1523"]
[Annotator "NA RC"]
[PlyCount "81"]
[EventDate "2022.06.22"]
[EventType "swiss"]
[EventCountry "ROU"]
[SourceTitle "playchess.com"]
[Source "ChessBase"]
[SourceQuality "1"]
[TimeControl "5400+30"]

1. c4 Nf6 2. g3 g6 3. Bg2 Bg7 4. Nc3 d6 5. e3 O-O 6. Nge2 e5 7. O-O Nc6 8. d3 Re8 9. Rb1 a5 10. a3 Bf5 11. e4 Bd7 12. b4 axb4 13. axb4 Nd4 14. Nxd4 exd4 15. Ne2 Ba4 16. Qd2 Nd7 17. Bb2 c5 18. Ba1 Rb8 19. b5 Qe7 20. Nf4 Bh6 21. Qa2 Bxf4 22. Qxa4 Ra8 23. Qc2 Bh6 24. Bb2 Ne5 25. Ra1 Qc7 26. h3 Kh8 27. f4 Nd7 28. Kh2 Kg8 29. h4 Nf6 30. Bf3 Qd7 31. Qe2 d5 32. e5 Rxa1 33. Rxa1 dxc4 34. dxc4 Qe7 35. Ra7 Qd8 36. Rxb7 d3 37. Qd1 Nh5 38. Bxh5 gxh5 39. Qxh5 Rf8 40. Qxh6 d2 41. e6 1-0

[Event "FISCA Open 2022"]
[Site "Cap Aurora"]
[Date "2022.06.22"]
[Round "1.7"]
[White "Roncea, Andreea-Alexandra"]
[Black "Girmacea, Bogdan"]
[Result "1/2-1/2"]
[ECO "C02"]
[WhiteElo "1463"]
[BlackElo "2133"]
[Annotator "NA RC"]
[PlyCount "54"]
[EventDate "2022.06.22"]
[EventType "swiss"]
[EventCountry "ROU"]
[SourceTitle "playchess.com"]
[Source "ChessBase"]
[SourceQuality "1"]
[TimeControl "5400+30"]

1. e4 e6 2. d4 d5 3. e5 c5 4. c3 Nc6 5. Nf3 Bd7 6. a3 f6 7. exf6 Nxf6 8. Bd3 Bd6 9. O-O O-O 10. b4 cxd4 11. cxd4 Rc8 12. Nbd2 e5 13. dxe5 Nxe5 14. Nxe5 Bxe5 15. Rb1 Bxh2+ 16. Kxh2 Ng4+ 17. Kg3 Rxf2 18. Rxf2 Qc7+ 19. Rf4 g5 20. Nf3 gxf4+ 21. Bxf4 Qb6 22. Qd2 Rf8 23. Rh1 Rxf4 24. Bxh7+ Kg7 25. Qxd5 Qf2+ 26. Kxf4 Qe3+ 27. Kg3 Qf2+ 1/2-1/2

[Event "FISCA Open 2022"]
[Site "Cap Aurora"]
[Date "2022.06.22"]
[Round "1.8"]
[White "Mintau, Andrei-Catalin"]
[Black "Grigore, Matei"]
[Result "1-0"]
[ECO "B42"]
[WhiteElo "2130"]
[BlackElo "1560"]
[Annotator "NA RC"]
[PlyCount "51"]
[EventDate "2022.06.22"]
[EventType "swiss"]
[EventCountry "ROU"]
[SourceTitle "playchess.com"]
[Source "ChessBase"]
[SourceQuality "1"]
[TimeControl "5400+30"]

1. e4 c5 2. Nf3 e6 3. d4 cxd4 4. Nxd4 a6 5. Bd3 Nc6 6. Nxc6 bxc6 7. c4 Nf6 8. O-O Qc7 9. Qe2 d6 10. Kh1 Be7 11. f4 O-O 12. e5 Nd7 13. Re1 d5 14. f5 exf5 15. Bxf5 dxc4 16. Bf4 g6 17. Qg4 Qa5 18. Nc3 Nxe5 19. Rxe5 Bxf5 20. Qe2 Qc7 21. Rxf5 Qd8 22. Re5 Bd6 23. Re4 Bxf4 24. Rxf4 Rb8 25. Rxc4 Re8 26. Qc2 1-0

[Event "FISCA Open 2022"]
[Site "Cap Aurora"]
[Date "2022.06.22"]
[Round "1.10"]
[White "Trifoi, Mihaela-Ioana"]
[Black "Socolov, Victor"]
[Result "1-0"]
[ECO "C54"]
[WhiteElo "1949"]
[BlackElo "1516"]
[Annotator "NA RC"]
[PlyCount "81"]
[EventDate "2022.06.22"]
[EventType "swiss"]
[EventCountry "ROU"]
[SourceTitle "playchess.com"]
[Source "ChessBase"]
[SourceQuality "1"]
[TimeControl "5400+30"]

1. e4 e5 2. Nf3 Nc6 3. Bc4 Nf6 4. d3 h6 5. Bb3 Bc5 6. O-O O-O 7. Nbd2 d6 8. c3 Bg4 9. h3 Be6 10. Bc2 a5 11. Re1 Bd7 12. Nf1 Ne7 13. Ng3 Qc8 14. d4 exd4 15. cxd4 Bb6 16. Be3 Ng6 17. Qd2 a4 18. b4 axb3 19. axb3 Rxa1 20. Rxa1 Kh7 21. e5 Nd5 22. h4 Nxe3 23. fxe3 Kg8 24. h5 Ne7 25. Qd3 g6 26. Nh4 dxe5 27. hxg6 f5 28. dxe5 Be6 29. Nh5 Nd5 30. Re1 Qd8 31. Nf6+ Nxf6 32. Qxd8 Rxd8 33. exf6 f4 34. Nf3 fxe3 35. Kh2 c6 36. b4 Rd5 37. g4 Rb5 38. Ra1 Ba5 39. Rxa5 Rxa5 40. bxa5 Bxg4 41. Bb3+ 1-0

[Event "FISCA Open 2022"]
[Site "Cap Aurora"]
[Date "2022.06.22"]
[Round "1.11"]
[White "Ivancescu, Bogdan-Andrei"]
[Black "Capragiu, Matei-Stefan"]
[Result "1-0"]
[ECO "C00"]
[WhiteElo "1512"]
[BlackElo "1925"]
[Annotator "NA RC"]
[PlyCount "35"]
[EventDate "2022.06.22"]
[EventType "swiss"]
[EventCountry "ROU"]
[SourceTitle "playchess.com"]
[Source "ChessBase"]
[SourceQuality "1"]
[TimeControl "5400+30"]

1. e4 e6 2. f4 d5 3. e5 c5 4. Nf3 Nc6 5. c3 Nge7 6. Na3 Nf5 7. Nc2 d4 8. Bd3 Be7 9. g4 Nh4 10. c4 Ng2+ 11. Kf2 Nxf4 12. Qf1 Qc7 13. Nce1 Nxe5 14. Nxe5 Qxe5 15. Nf3 Nxd3+ 16. Qxd3 Qf4 17. Rg1 e5 18. h3 1-0

[Event "FISCA Open 2022"]
[Site "Cap Aurora"]
[Date "2022.06.22"]
[Round "1.12"]
[White "Ribarov, Valerij"]
[Black "Cojanu, Ion"]
[Result "1-0"]
[ECO "A30"]
[WhiteElo "1918"]
[BlackElo "1508"]
[Annotator "NA RC"]
[PlyCount "20"]
[EventDate "2022.06.22"]
[EventType "swiss"]
[EventCountry "ROU"]
[SourceTitle "playchess.com"]
[Source "ChessBase"]
[SourceQuality "1"]
[TimeControl "5400+30"]

1. c4 c5 2. Nf3 Nc6 3. d4 Nxd4 4. Nxd4 Qb6 5. Nb3 e6 6. Be3 Qd8 7. a3 a6 8. Nc3 Qc7 9. Qc2 d6 10. f4 Nf6 1-0

[Event "FISCA Open 2022"]
[Site "Cap Aurora"]
[Date "2022.06.22"]
[Round "1.13"]
[White "Togan, Teodor-Bogdan"]
[Black "Stegaroiu, Marcel-Florian"]
[Result "1/2-1/2"]
[ECO "C55"]
[WhiteElo "1507"]
[BlackElo "1917"]
[Annotator "NA RC"]
[PlyCount "105"]
[EventDate "2022.06.22"]
[EventType "swiss"]
[EventCountry "ROU"]
[SourceTitle "playchess.com"]
[Source "ChessBase"]
[SourceQuality "1"]
[TimeControl "5400+30"]

1. e4 e5 2. Nf3 Nc6 3. Bc4 Be7 4. d3 Nf6 5. Bb3 O-O 6. O-O d5 7. exd5 Nxd5 8. Re1 Bf6 9. Ba4 Nde7 10. Nc3 Ng6 11. Bxc6 bxc6 12. Be3 Be7 13. Qd2 Bg4 14. Ng5 h6 15. f3 Bf5 16. Nge4 Be6 17. Nc5 Bd5 18. Nb3 Nh4 19. Rf1 f5 20. Bf2 Ng6 21. Rfe1 Re8 22. Rad1 Bh4 23. d4 Bxf2+ 24. Qxf2 Qf6 25. dxe5 Rxe5 26. Rxe5 Qxe5 27. Qd4 Bxb3 28. Qxe5 Nxe5 29. axb3 g5 30. Rd4 Kf7 31. f4 gxf4 32. Rxf4 Ke6 33. Ne2 c5 34. Ng3 Rf8 35. Rh4 f4 36. Rxh6+ Kd5 37. Ne2 f3 38. Nc3+ Kd4 39. Rh4+ Ke3 40. Re4+ Kd2 41. Rxe5 Kxc2 42. gxf3 Rxf3 43. Kg2 Rf7 44. Rxc5 Kxb2 45. Nb5 Rg7+ 46. Kh1 Kxb3 47. Rxc7 Rxc7 48. Nxc7 a5 49. Nb5 a4 50. Kg2 Kc4 51. Na3+ Kb3 52. Nb5 Kb4 53. Nd4 1/2-1/2

[Event "FISCA Open 2022"]
[Site "Cap Aurora"]
[Date "2022.06.22"]
[Round "1.14"]
[White "Corbu, George-Alexandru"]
[Black "Barila, Stefana"]
[Result "1-0"]
[ECO "E52"]
[WhiteElo "1914"]
[BlackElo "1503"]
[Annotator "NA RC"]
[PlyCount "91"]
[EventDate "2022.06.22"]
[EventType "swiss"]
[EventCountry "ROU"]
[SourceTitle "playchess.com"]
[Source "ChessBase"]
[SourceQuality "1"]
[TimeControl "5400+30"]

1. d4 Nf6 2. c4 e6 3. Nc3 Bb4 4. e3 O-O 5. Bd2 b6 6. Nf3 Bb7 7. Bd3 d5 8. cxd5 Nxd5 9. Nxd5 Bxd2+ 10. Qxd2 Bxd5 11. Qc2 h6 12. Rc1 c5 13. e4 Bb7 14. dxc5 bxc5 15. O-O Nd7 16. Rfd1 a6 17. Qc3 Qc7 18. Nd2 Rac8 19. Bb1 Rfd8 20. Nb3 Qb8 21. Qg3 Qxg3 22. hxg3 c4 23. Na5 Nc5 24. Rxd8+ Rxd8 25. f3 Ba8 26. Nxc4 Rb8 27. b3 f6 28. Nd6 Nd7 29. Bd3 a5 30. Rc7 Ne5 31. Bb5 Rd8 32. Rc8 Rxc8 33. Nxc8 Kf7 34. Kf2 Bc6 35. Be2 Ke8 36. Nb6 Ke7 37. Ke3 Kd6 38. Kd4 Nd7 39. Nc4+ Kc7 40. Nxa5 Ba8 41. b4 Kb6 42. Nc4+ Kc6 43. a4 Nb6 44. Nxb6 Kxb6 45. a5+ Kc6 46. b5+ 1-0

[Event "FISCA Open 2022"]
[Site "Cap Aurora"]
[Date "2022.06.23"]
[Round "2.1"]
[White "Petre, Nad-Titus"]
[Black "Sprincean, Lukas George"]
[Result "1-0"]
[ECO "A45"]
[WhiteElo "2297"]
[BlackElo "1664"]
[Annotator "TA"]
[PlyCount "63"]
[EventDate "2022.06.22"]
[EventType "swiss"]
[EventCountry "ROU"]
[SourceTitle "playchess.com"]
[Source "ChessBase"]
[SourceQuality "1"]
[TimeControl "5400+30"]

1. d4 Nf6 2. Bg5 Ne4 3. Bf4 c5 4. f3 Nf6 5. d5 d6 6. e4 g6 7. c4 Bg7 {[%emt 0:00:45] A45: Trompowsky Attack.} 8. Nc3 Nh5 9. Be3 {[%emt 0:00:32] [#]} e6 $146 {[%emt 0:06:01] White is slightly better.} ({Predecessor:} 9... Bxc3+ 10. bxc3 Qa5 11. g4 Nf6 12. Qb3 Nbd7 13. h4 Nb6 14. Qb5+ Qxb5 15. cxb5 Na4 {½-½ (66) Dobrov,V (2514)-Mikheev,S (2329) Vladimir 2009}) 10. g4 Nf6 11. Qd2 exd5 12. cxd5 Nfd7 13. Be2 {[%emt 0:11:07] White is more active.} a6 14. a4 {[%emt 0:18:23] Inhibits b5.} Qa5 15. Ra3 Ne5 16. h3 Qb4 17. a5 {[%emt 0:02:08] [#] Ra4 is the strong threat.} Nc4 (17... O-O $14) 18. Bxc4 $18 Qxc4 19. Nge2 (19. Bf4 $142) 19... Nd7 (19... b5 $142) 20. Ra4 $36 {[%emt 0:06:58][%mdl 2048] Keeping Black busy.} Qb3 21. Nc1 Bxc3 22. Nxb3 Bxd2+ 23. Nxd2 (23. Kxd2 $6 Ne5 $11) 23... Ne5 24. Ra3 O-O (24... f6 $142 25. Rb3 Kd8) 25. f4 $18 Nd7 26. Nc4 f5 (26... b6 {is a better defense.} 27. axb6 Rb8) 27. gxf5 ({Don't do} 27. Nxd6 $6 fxe4 28. O-O (28. Nxe4 b5 $16) 28... h5 $18) 27... gxf5 (27... Nf6 28. Nxd6 Rd8 29. Bxc5 Rxd6) 28. Rg1+ {[%emt 0:00:04] White is clearly winning.} Kh8 29. e5 dxe5 30. fxe5 {[%emt 0:00:05] [#] Threatens to win with Bh6.} f4 31. Bd2 f3 32. Kf2 {[%emt 0:00:31] Weighted Error Value: White=0.10 (very precise) /Black=0.50} 1-0

[Event "FISCA Open 2022"]
[Site "Cap Aurora"]
[Date "2022.06.23"]
[Round "2.2"]
[White "Angheluta, Ovidiu"]
[Black "Ardeleanu, Alin"]
[Result "0-1"]
[ECO "A36"]
[WhiteElo "1807"]
[BlackElo "2290"]
[Annotator "NA RC"]
[PlyCount "44"]
[EventDate "2022.06.22"]
[EventType "swiss"]
[EventCountry "ROU"]
[SourceTitle "playchess.com"]
[Source "ChessBase"]
[SourceQuality "1"]
[TimeControl "5400+30"]

1. e4 c5 2. c4 Nc6 3. g3 g6 4. Bg2 Bg7 5. Ne2 a6 6. Nbc3 b5 7. d3 Rb8 $1 8. O-O $11 d6 9. f4 Nd4 10. h3 e6 11. Kh2 Ne7 12. Nxd4 cxd4 13. Ne2 bxc4 14. dxc4 Qb6 15. Rf3 Qc5 16. Rf1 Qb6 17. Rf3 Qc5 18. Rb3 Rxb3 19. axb3 O-O 20. Bd2 Bb7 21. Nc1 Nc6 22. Nd3 Qb6 0-1

[Event "FISCA Open 2022"]
[Site "Cap Aurora"]
[Date "2022.06.23"]
[Round "2.3"]
[White "Gilea, Lucian"]
[Black "Puia, Alexia-Teodora"]
[Result "1-0"]
[ECO "E18"]
[WhiteElo "2277"]
[BlackElo "1787"]
[Annotator "TA"]
[PlyCount "47"]
[EventDate "2022.06.22"]
[EventType "swiss"]
[EventCountry "ROU"]
[SourceTitle "playchess.com"]
[Source "ChessBase"]
[SourceQuality "1"]
[TimeControl "5400+30"]

1. d4 Nf6 2. Nf3 e6 3. g3 d5 4. Bg2 Be7 5. O-O O-O 6. c4 b6 7. Nc3 Bb7 8. cxd5 exd5 {[%emt 0:00:26] 8...Nxd5 is the fancy move.} 9. Qb3 Nc6 {[%emt 0:11:38] E18: Queen's Indian: Old Main Line (4 g3 Bb7 5 Bg2 Be7 6 0-0 0-0 7 Nc3).} 10. Rd1 {[%emt 0:03:52] [#]} Ba6 $146 (10... Na5 $11 11. Qc2 Nc4) ({Predecessor:} 10... Re8 11. Bf4 Bf8 12. Bg5 Na5 13. Qc2 h6 14. Bxf6 Qxf6 15. e3 Rac8 16. Ne1 c6 17. Nd3 {0-1 (84) Sjugirov,S (2663)-Remizov,Y (2385) Chess.com INT 2020}) 11. Ne5 Na5 {[%emt 0:03:44] White is better.} 12. Qa4 {[%emt 0:01:42] Threatens to win with b4. White is more active.} Qd6 {[%emt 0:08:45] Against b4} (12... Qe8 $16 {keeps fighting.}) 13. Nd3 (13. Bf4 $18 {has better winning chances.}) 13... Bxd3 14. Rxd3 c6 15. Qc2 Rac8 16. Bh3 Rce8 17. f3 Nh5 {[%emt 0:04:23] [#]} (17... Qd8 $11 {keeps the balance.}) 18. e4 $1 $16 dxe4 (18... Nxg3 $2 19. hxg3 Qxg3+ 20. Qg2 Qe1+ 21. Kh2 $18) 19. fxe4 ({Resist} 19. Nxe4 $6 Qd5 $14) 19... Rd8 (19... Qd8 $16) 20. Bg4 Qg6 (20... g6 $142 21. e5 Qb4) 21. Qe2 $18 Nf6 (21... Nxg3 $142 22. Rxg3 Rxd4) 22. Bf5 Qh5 {[%emt 0:00:05] [#]} 23. g4 $1 Qh4 24. g5 {[%emt 0:00:38] Weighted Error Value: White=0.12 (very precise) /Black=0.49} 1-0

[Event "FISCA Open 2022"]
[Site "Cap Aurora"]
[Date "2022.06.23"]
[Round "2.4"]
[White "Donici-Maier, David"]
[Black "Coca, Cristi-Iulian"]
[Result "0-1"]
[ECO "B47"]
[WhiteElo "1786"]
[BlackElo "2174"]
[Annotator "NA RC"]
[PlyCount "106"]
[EventDate "2022.06.22"]
[EventType "swiss"]
[EventCountry "ROU"]
[SourceTitle "playchess.com"]
[Source "ChessBase"]
[SourceQuality "1"]
[TimeControl "5400+30"]

1. e4 c5 2. Nf3 e6 3. d4 cxd4 4. Nxd4 a6 $14 5. g3 Nf6 6. Bg2 Qc7 7. O-O Be7 8. Nc3 O-O 9. Kh1 d6 10. f4 Bd7 11. a4 Nc6 12. Nb3 Na5 13. Nxa5 Qxa5 14. Qe2 Bc6 15. Bd2 Qc7 16. Rad1 Rfd8 17. Be3 b5 18. axb5 axb5 19. Bd4 b4 20. Nb5 Qb7 21. Nxd6 Rxd6 22. e5 Rxd4 23. Rxd4 Bxg2+ 24. Qxg2 Qxg2+ 25. Kxg2 Nd5 26. Kf3 Rc8 27. Rd2 g5 28. Re1 Rc4 29. Rg2 Kf8 30. h3 Rd4 31. Re4 Rd1 32. Rc4 Rb1 33. c3 bxc3 34. bxc3 Rb3 35. Rd2 Kg7 36. f5 Ba3 37. fxe6 fxe6 38. Rc6 Kf7 39. Kg4 Nxc3 40. Rd7+ Be7 41. Rd3 Rb4+ 42. Kh5 Ne4 43. Rf3+ Kg7 44. g4 Nc5 45. Rc7 Rb7 46. Rc6 Rd7 47. Rc3 Nd3 48. R3c4 Nf4+ 49. Rxf4 gxf4 50. Rxe6 f3 51. Rc6 f2 52. Rc1 Bb4 53. Rf1 Be1 0-1

[Event "FISCA Open 2022"]
[Site "Cap Aurora"]
[Date "2022.06.23"]
[Round "2.5"]
[White "Daianu, Cristian-Clement"]
[Black "Ifrim, Mihai"]
[Result "1-0"]
[ECO "B05"]
[WhiteElo "2149"]
[BlackElo "1704"]
[Annotator "NA RC"]
[PlyCount "89"]
[EventDate "2022.06.22"]
[EventType "swiss"]
[EventCountry "ROU"]
[SourceTitle "playchess.com"]
[Source "ChessBase"]
[SourceQuality "1"]
[TimeControl "5400+30"]

1. e4 Nf6 2. e5 Nd5 3. d4 d6 4. Nf3 Bg4 5. Bc4 e6 6. h3 Bh5 7. Bb3 c5 8. c4 Nb6 9. dxc5 dxc5 10. Qxd8+ Kxd8 11. Be3 Nc6 12. Nbd2 $11 Kc7 13. O-O-O Be7 14. Ne4 Bxf3 15. gxf3 Nxe5 16. Bf4 f6 17. Ng5 fxg5 18. Bxe5+ Kc6 19. Bc2 Nxc4 20. Be4+ Kb6 21. Rd7 Nxe5 22. Rxb7+ Ka6 23. Rxe7 Rae8 24. Rxg7 h6 25. Re1 Rb8 26. Re3 Rhd8 27. Ra3+ Kb5 28. Rgxa7 Kc4 29. Rc7 Rb5 30. Re3 Rdb8 31. Re2 R8b6 32. Rc2+ Kd4 33. Rd2+ Kc4 34. Ra7 Rb4 35. Ra5 R6b5 36. Rc2+ Kd4 37. Rd2+ Kc4 38. Ra3 Rb6 39. Rc3+ Kb5 40. b3 c4 41. Kb2 cxb3 42. axb3 Ka5 43. Rd8 Rb8 44. Rc5+ R4b5 45. Rxb8 1-0

[Event "FISCA Open 2022"]
[Site "Cap Aurora"]
[Date "2022.06.23"]
[Round "2.6"]
[White "Ionica, Robert"]
[Black "Breahna, Radu"]
[Result "1/2-1/2"]
[ECO "D02"]
[WhiteElo "1731"]
[BlackElo "2142"]
[Annotator "NA RC"]
[PlyCount "34"]
[EventDate "2022.06.22"]
[EventType "swiss"]
[EventCountry "ROU"]
[SourceTitle "playchess.com"]
[Source "ChessBase"]
[SourceQuality "1"]
[TimeControl "5400+30"]

1. d4 Nf6 2. Bf4 d5 3. Nf3 c5 4. c3 Qb6 5. Qb3 Nc6 6. e3 c4 7. Qxb6 axb6 8. Nbd2 b5 9. Be2 $11 Bf5 10. Ne5 h6 11. f3 Nh5 12. g4 Nxf4 13. gxf5 Ng2+ 14. Kf2 Nh4 15. e4 e6 16. fxe6 Nxe5 17. dxe5 fxe6 1/2-1/2